 Dungeon Crawl Stone Soup version 0.23.2-1-ga50397a6bc (webtiles) character file.

Game seed: 264025595413761422

856 Gargoyl the Chopper (level 7, 0/59 HPs)
             Began as a Centaur Abyssal Knight on May 20, 2019.
             Was a Believer of Lugonu.
             Slain by Menkaure (19 damage)
             ... on level 4 of the Dungeon on May 21, 2019.
             The game lasted 00:07:52 (5881 turns).

Gargoyl the Chopper (Centaur Abyssal Knight)        Turns: 5881, Time: 00:07:53

Health: 0/59       AC: 11    Str: 15    XL:     7   Next: 70%
Magic:  9/9        EV:  2    Int: 11    God:    Lugonu [**....]
Gold:   140        SH:  0    Dex: 10    Spells: 6/6 levels left

rFire    . . .     SeeInvis +   a - +1 hand axe
rCold    . . .     Gourm    .   (no shield)
rNeg     . . .     Faith    .   e - +1 plate armour
rPois    .         Spirit   .   k - +0 helmet
rElec    .         Reflect  .   (no cloak)
rCorr    .         Harm     .   (no gloves)
MR       .....                  (no barding)
Stlth    ..........             (no amulet)
HPRegen  0.19/turn              l - ring of see invisible
MPRegen  0.11/turn              (no ring)

@: drained, very quick
A: large, hooves 3, deformed body, speed 2, tough skin 3
a: Depart the Abyss, Bend Space, Renounce Religion


You were on level 4 of the Dungeon.
You worshipped Lugonu.
Lugonu was pleased with you.
You were not hungry.

You visited 1 branch of the dungeon, and saw 4 of its levels.
You visited the Abyss 1 time.

You collected 140 gold pieces.

Inventory:

Hand Weapons
 a - a +1 hand axe (weapon)
Missiles
 j - a steel tomahawk (quivered)
Armour
 e - a +1 plate armour (worn)
 k - a +0 helmet (worn)
Jewellery
 l - a ring of see invisible (left hand)
Wands
 r - a wand of flame (23)
Scrolls
 b - 6 scrolls of identify
 d - 2 scrolls of magic mapping
 f - a scroll of enchant armour
 m - a scroll of fear {unknown}
Potions
 g - a potion of degeneration {unknown}
 h - a potion of cancellation {unknown}
 i - a potion of heal wounds {unknown}
 n - a potion of agility {unknown}
 p - 2 potions of might {unknown}
 q - 2 potions of ambrosia {unknown}
 s - a potion of mutation {unknown}
Comestibles
 c - 6 rations


   Skills:
 + Level 4.1(3.4) Fighting
 + Level 4.1(3.5) Axes
 + Level 1.7(1.1) Throwing
 * Level 4.0(3.4) Armour
 * Level 2.3(1.7) Dodging
 * Level 3.8(3.2) Invocations


You had 6 spell levels left.
You didn't know any spells.
Your spell library contained the following spells:

 Spells                   Type           Power        Failure   Level  Hunger
 Beastly Appendage        Tmut           #.....       100%        1    ##.....
 Sticks to Snakes         Tmut           #.......     100%        2    ###....
 Spider Form              Tmut/Pois      #.........   100%        3    ####...
 Ice Form                 Ice/Tmut       #.......     100%        4    #####..
 Blade Hands              Tmut           #.........   100%        5    ######.


Dungeon Overview and Level Annotations

Branches:
Dungeon (4/15)
 Temple: D:4-7

Altars:
Ashenzari
Nemelex Xobeh
Uskayaw
Wu Jian

Annotations:
D:4 Menkaure


Innate Abilities, Weirdness & Mutations

You have hooves in place of feet.
Armour fits poorly on your strangely shaped body.
You cover ground very quickly.
You have extremely tough skin. (AC +3)


Message History

Level annotation: Menkaure Menkaure draws the symbol "Udjat" in the dust.
There is a stone staircase leading up here.
You hit Menkaure.
Menkaure is lightly damaged.
Menkaure hits you.
You hit Menkaure but do no damage.
Menkaure is lightly damaged.
Menkaure calls on the powers of darkness!
Your body is wracked with pain!
You hit Menkaure.
Menkaure is moderately damaged.
Menkaure hits you!
You hit Menkaure.
Menkaure is moderately damaged.
Menkaure hits you but does no damage.
You hit Menkaure.
Menkaure is heavily damaged.
Menkaure hits you!!
You die...

###...>#...............#
#................#.#..
#...................!
#....................
#.................# ##
#.................# %.
#.................#[#
#####...............#
#......<@M...####
#....###.#....####
#.##.##........... #.
#.......###..##
#.......#..# #.?.
#......... ....
...#........ ...
............. ..
....g..g....!.


You could see Menkaure.

Vanquished Creatures
  Sigmund (D:2)
  An ogre (D:4)
  A scorpion (D:4)
  5 wights (D:3)
  2 orc wizards (D:3)
  3 worker ants (D:4)
  2 hound skeletons (D:4)
  Robin (D:2)
  4 gnolls (D:3)
  4 adders
  An ooze (D:2)
  An adder skeleton (D:4)
  A worm (D:2)
  A dart slug (D:1)
  2 leopard geckos (D:1)
  24 orcs
  2 giant cockroaches
  13 goblins
  12 hobgoblins
  4 jackals (D:1)
  3 quokkas
  7 bats
  5 frilled lizards
  11 kobolds
  7 rats
118 creatures vanquished.

Notes
Turn   | Place    | Note
-------+----------+-------------------------------------------
     0 | Abyss:1  | Gargoyl the Centaur Abyssal Knight began the quest for the
                  | Orb.
     0 | Abyss:1  | Reached XP level 1. HP: 19/19 MP: 2/2
   149 | Abyss:1  | Noticed a ynoxinul
   154 | Abyss:1  | Noticed a small abomination
   155 | D:1      | Escaped the Abyss
   514 | D:1      | Reached XP level 2. HP: 22/26 MP: 3/3
   622 | D:1      | Reached * piety under Lugonu
   686 | D:1      | Reached skill level 1 in Dodging
   969 | D:1      | Reached XP level 3. HP: 31/31 MP: 4/4
  1291 | D:2      | Found a sparkling altar of Nemelex Xobeh.
  1598 | D:2      | Noticed Robin
  1625 | D:2      | Killed Robin
  1625 | D:2      | Reached XP level 4. HP: 19/38 MP: 5/5
  1854 | D:2      | Found a hide-covered altar of Uskayaw.
  2368 | D:2      | Noticed Sigmund
  2424 | D:2      | Killed Sigmund
  2424 | D:2      | Reached XP level 5. HP: 20/46 MP: 5/7
  3069 | D:3      | Found a shattered altar of Ashenzari.
  3118 | D:3      | Reached ** piety under Lugonu
  3128 | D:3      | Reached XP level 6. HP: 29/52 MP: 8/8
  3305 | D:3      | Found an ornate altar of the Wu Jian Council.
  3917 | D:3      | Reached XP level 7. HP: 16/58 MP: 9/9
  4636 | D:4      | Reached skill level 1 in Throwing
  5286 | D:4      | Noticed Menkaure
  5881 | D:4      | Slain by Menkaure

Skill      XL: |  1  2  3  4  5  6  7 |
---------------+----------------------+-----
Dodging        | 1 2 |  2.3
Axes           | 2 3 4 |  4.1
Armour         | 2 3 4 |  4.0
Invocations    | 3 |  3.8
Throwing       | 1 |  1.7
Fighting       | 4 |  4.1

Action                   |  1- 3 |  4- 6 |  7- 9 || total
-------------------------+-------+-------+-------++-------
Melee: Hand axe          |   137 |   123 |   150 ||   410
       Kick              |    21 |    19 |    40 ||    80
Throw: Javelin           |     1 |    10 |    17 ||    28
       Tomahawk          |       |     6 |     8 ||    14
Invok: Depart the Abyss  |     1 |       |       ||     1
  Use: Scroll            |     3 |     2 |       ||     5
       Potion            |       |     2 |     1 ||     3
  Eat: Chunk             |     2 |     3 |     4 ||     9
       Ration            |       |     1 |     1 ||     2
Armor: Plate armour      |   122 |    94 |   112 ||   328
       Skin              |       |     3 |       ||     3
Dodge: Dodged            |    23 |    17 |    11 ||    51
